 Dungeon Crawl Stone Soup version 0.28.0-47-ge53b351184 (webtiles) character file.

Game seed: 4581347263543579668

1572 issech the Shield-Bearer (level 8, -7/70 HPs)
             Began as a Troll Fighter on May 5, 2022.
             Was a Follower of Hepliaklqana.
             Killed from afar by Maggie (16 damage)
             ... with a bolt of fire
             ... on level 6 of the Dungeon.
             The game lasted 00:19:38 (5902 turns).

issech the Shield-Bearer (Troll Fighter)            Turns: 5902, Time: 00:19:39

Health: -7/70      AC:  4    Str: 25    XL:     8   Next: 59%
Magic:  7/7        EV: 10    Int: 10    God:    Hepliaklqana [*.....]
Gold:   332        SH:  8    Dex: 11    Spells: 7/7 levels left

rFire   . . .      SeeInvis .   a - +0 flail
rCold   . . .      Faith    .   c - +0 kite shield
rNeg    . . .      Spirit   .   s - +0 animal skin
rPois   +          Reflect  .   (helmet restricted)
rElec   .          Harm     .   (no cloak)
rCorr   .          Rampage  .   (gloves unavailable)
Will    .....                   (boots unavailable)
Stlth   +.........              z - amulet of magic regeneration
HPRegen 1.01/turn               f - +6 ring of intelligence
MPRegen 0.50/turn               J - ring of poison resistance

@: lethally poisoned (-7 -> -7), mesmerised
A: reduced essence, large, unfitting armour, claws 3, regeneration 1, shaggy fur
1, tough skin 1
a: Renounce Religion, Recall Ancestor, Ancestor Identity


You were on level 6 of the Dungeon.
You worshipped Hepliaklqana.
Hepliaklqana was aware of your devotion.
You visited 2 branches of the dungeon, and saw 7 of its levels.

You collected 352 gold pieces.
You spent 20 gold pieces at shops.

Inventory:

Hand Weapons
 a - a +0 flail (weapon)
 b - a +0 long sword
 k - a +0 dagger of venom
 l - a +0 hunting sling
 r - a +0 mace
 u - a +2 dagger of pain
 A - a +0 dagger of electrocution
 H - a +0 giant spiked club
 K - a +0 hand crossbow
Missiles
 h - 194 stones (quivered)
 i - 57 sling bullets
 x - 54 arrows
 D - 26 bolts
 I - 4 javelins
Armour
 c - a +0 kite shield (worn)
 s - a +0 animal skin (worn)
Magical Staves
 v - a staff of conjuration
Jewellery
 f - a +6 ring of intelligence (left claw)
 o - a ring of fire
 z - an amulet of magic regeneration (around neck)
 J - a ring of poison resistance (right claw)
Wands
 q - a wand of iceblast (9)
Scrolls
 g - 4 scrolls of identify
 j - 2 scrolls of torment
 p - 3 scrolls of magic mapping
 w - 3 scrolls of fear
 y - 2 scrolls of enchant armour
 B - 4 scrolls of teleportation
 C - a scroll of immolation
Potions
 d - a potion of might
 e - 2 potions of magic {unknown}
 m - 3 potions of curing {unknown}
 n - 2 potions of degeneration {unknown}
 t - a potion of lignification {unknown}
 E - a potion of flight {unknown}
 F - 3 potions of heal wounds {unknown}
 G - a potion of invisibility {unknown}


   Skills:
 + Level 4.1 Fighting
 + Level 3.6 Short Blades
 + Level 4.6 Maces & Flails
 + Level 0.2 Throwing
 + Level 4.9 Dodging
 + Level 0.5 Stealth
 + Level 5.0 Shields


You had 7 spell levels left.
You didn't know any spells.
Your spell library was empty.

Dungeon Overview and Level Annotations

Branches:
Dungeon (6/15)             Temple (1/1) D:5

Altars:
Ashenzari
Cheibriados
Dithmenos
Elyvilon
Hepliaklqana
Kikubaaqudgha
Makhleb
Nemelex Xobeh
Okawaru
Qazlal
Sif Muna
Trog
Uskayaw
Vehumet
Wu Jian
Zin
The Shining One

Shops:
D:5 :=?

Annotations:
D:6 Maggie


Innate Abilities, Weirdness & Mutations

Your life essence is reduced to manifest your ancestor. (-10% HP)
You are too large for most types of armour.
You have claws for hands.
Your natural rate of healing is unusually fast.
You are covered in fur. (AC +1)
You have tough skin. (AC +1)


Message History

Maggie barely misses you.
You barely miss Maggie.
Publius barely misses the adder.
You block the adder's attack.
Maggie hits you with a +2 halberd of flaming!
Maggie burns you.
Publius barely misses the adder.
The adder bites you.
You are poisoned.
The adder poisons you!
You closely miss Maggie.
You feel very sick. Maggie casts a spell at you. The bolt of fire hits you!
The adder bites you.
Publius hits the adder.
You block Maggie's attack.
You hit Maggie.
Maggie is lightly wounded.
You feel sick. You block the adder's attack.
Publius barely misses the adder.
The adder bites you. Maggie misses you.
You barely miss Maggie.
Maggie is lightly wounded.
You feel sick. The adder bites you.
You are more poisoned.
The adder poisons you!
Publius misses the adder.
You block Maggie's attack. The adder bites you.
Publius hits the adder.
You barely miss Maggie.
Maggie is lightly wounded.
You feel very sick.
Maggie mumbles some strange words.
Maggie attempts to bespell you!
You are mesmerised by Maggie!
The adder barely misses Publius.
Publius hits the adder.
You closely miss Maggie.
Maggie is lightly wounded.
You feel sick.
The adder bites Publius.
Maggie hits you with a +2 halberd of flaming!
* * * LOW HITPOINT WARNING * * *
Maggie burns you.
* * * LOW HITPOINT WARNING * * *
Publius barely misses the adder.
The adder bites Publius.
Maggie points at you and mumbles some strange words.
The bolt of fire hits you!
You die...

#..........# ...§§§...#
#..........# ≈≈§.≈....#
#..........# .........#
#...^......# ≈§§≈≈....#
#..........# ...§.....#
#..........#
.........###..........#
..........##..........#
......S@..[#..........#
......@R.#.#..........#
......####..#####.##.##
.(...............>...#
..(...#####..####.##.#
..... ##.# #....###
.... .# #......# ####
.. #......# #.#
#.#....#


You could see the friendly Publius the ancestor, Maggie (mesmerising) and an
adder (ally target).

Vanquished Creatures
  A water moccasin (D:5)
  A black bear (D:5)
  3 ogres (D:5)
  A centaur (D:6)
  3 phantoms (D:5)
  A wyvern skeleton (D:5)
  A bullfrog zombie (D:5)
  2 hounds (D:5)
  A jelly (D:5)
  4 orc priests
  Jessica (D:3)
  2 bullfrog skeletons
  2 iguanas (D:5)
  Terence (D:3)
  2 orc wizards (D:4)
  A howler monkey zombie (D:5)
  Robin (D:3)
  A gnoll (D:1)
  7 adders
  A shadow imp (D:4)
  An ufetubus (D:5)
  3 worms
  2 dart slugs
  5 orcs
  7 bats
  8 endoplasms
  6 giant cockroaches
  18 goblins
  10 hobgoblins
  16 jackals
  4 quokkas
  12 ball pythons
  6 frilled lizards
  10 kobolds
  3 rats
148 creatures vanquished.

Vanquished Creatures (collateral kills)
  A bullfrog (D:6)
1 creature vanquished.

Vanquished Creatures (others)
  2 plants (D:1)
2 creatures vanquished.

Grand Total: 151 creatures vanquished

Notes
Turn   | Place    | Note
-------+----------+-------------------------------------------
     0 | D:1      | issech the Troll Fighter began the quest for the Orb.
     0 | D:1      | Reached XP level 1. HP: 22/22 MP: 0/0
   111 | D:1      | Reached XP level 2. HP: 29/29 MP: 1/1
   342 | D:1      | Reached skill level 3 in Shields
   342 | D:1      | Reached XP level 3. HP: 34/36 MP: 2/2
   742 | D:1      | Found a faded altar of an unknown god.
  1085 | D:2      | Reached XP level 4. HP: 39/44 MP: 3/3
  1751 | D:3      | Found a sparkling altar of Nemelex Xobeh.
  1751 | D:3      | Found an iron altar of Okawaru.
  1759 | D:3      | Found a faded altar of an unknown god.
  1761 | D:3      | Found a stormy altar of Qazlal.
  1763 | D:3      | Found a faded altar of an unknown god.
  1828 | D:3      | Noticed Robin
  1893 | D:2      | Reached skill level 1 in Short Blades
  1918 | D:3      | Killed Robin
  1929 | D:3      | Reached XP level 5. HP: 38/50 MP: 4/4
  2119 | D:3      | Noticed Terence
  2129 | D:3      | Killed Terence
  2283 | D:3      | Noticed Jessica
  2300 | D:3      | Killed Jessica
  3078 | D:4      | Reached XP level 6. HP: 16/61 MP: 5/5
  3541 | D:4      | Reached skill level 4 in Shields
  3725 | D:4      | Found a glowing silver altar of Zin.
  3725 | D:4      | Found a white marble altar of Elyvilon.
  3725 | D:4      | Found a glowing golden altar of the Shining One.
  3838 | D:5      | Entered Level 5 of the Dungeon
  3943 | D:5      | Reached XP level 7. HP: 24/67 MP: 6/6
  4086 | D:5      | Found a staircase to the Ecumenical Temple.
  4107 | D:5      | Found Lokh's Magic Scroll Boutique.
  4111 | Temple   | Entered the Ecumenical Temple
  4372 | Temple   | Became a worshipper of Hepliaklqana the Forgotten
  4428 | D:5      | Bought a scroll of identify for 20 gold pieces
  4528 | D:5      | Found Iboygais's Jewellery Emporium.
  4947 | D:5      | Found Lyiruc's Book Boutique.
  4968 | D:5      | Reached XP level 8. HP: 57/78 MP: 7/7
  5764 | D:6      | Reached skill level 5 in Shields
  5830 | D:6      | Reached * piety under Hepliaklqana
  5891 | D:6      | Noticed Maggie
  5902 | D:6      | Killed from afar by Maggie

Illustrated notes

Levels and vault maps discovered:
D:1:      lightli_arrival_farm, layout_loops_ring, basic_ecumenical_altar
D:2:      layout_basic
D:3:      layout_loops_ring, chequers_temple_overflow_minitemple,
          kennysheep_small_spiral, nicolae_elevator_lobby_plus, uniq_terence,
          uniq_robin, uniq_jessica
D:4:      cheibrodos_pilgrimage, layout_gridville, good_gods_mini_temple
D:5:      minmay_bubble_buster, layout_gridville,
          minmay_temple_entry_proselytizer, serial_shops, kennysheep_mini_moat,
          shop, nicolae_shop_hallway_stairs
D:6:      layout_basic, mainiacjoe_overflow_cross_hatched, uniq_maggie
Temple:   minmay_temple_curvy_loop

Skill      XL: |  1  2  3  4  5  6  7  8 |
---------------+-------------------------+-----
Maces & Flails | 2 3 4 |  4.6
Shields        | 3 4 5 |  5.0
Short Blades   | 1 2 3 |  3.6
Dodging        | 3 4 |  4.9
Fighting       | 3 4 |  4.1
Throwing       | |  0.2
Stealth        | |  0.5

Action                   |  1- 3 |  4- 6 |  7- 9 || total
-------------------------+-------+-------+-------++-------
Melee: Flail             |   119 |       |   155 ||   274
       Dagger            |    28 |   385 |    93 ||   506
Throw: Stone             |     4 |       |     9 ||    13
  Use: Scroll            |       |       |     6 ||     6
 Stab: Sleeping          |     1 |       |       ||     1
Armor: Robe              |    42 |    38 |       ||    80
       Animal skin       |       |    41 |    89 ||   130
Dodge: Dodged            |    69 |   141 |   135 ||   345
Block: Kite shield       |    66 |   134 |   132 ||   332
